 Dungeon Crawl Stone Soup version 0.30.1-4-g462c640d31 (webtiles) character file.

Game seed: 10467344680052394560

2184 monsoonserge the Carver (level 9, -2/68 HPs)
             Began as a Demonspawn Monk on Aug 27, 2023.
             Was a Believer of Nemelex Xobeh.
             Slain by Grum
             ... wielding a +1 spear
              (18 damage)
             ... on level 8 of the Dungeon.
             The game lasted 00:16:00 (6338 turns).

monsoonserge the Carver (Demonspawn Monk)           Turns: 6338, Time: 00:16:02

Health: -2/68      AC:  8    Str: 11    XL:     9   Next: 11%
Magic:  9/9        EV: 10    Int: 22    God:    Nemelex Xobeh [**....]
Gold:   385        SH:  0    Dex: 19    Spells: 8/8 levels left

rFire   . . .        b - +11 falchion "Hegazujo" {heavy, Will+ Int+3 SInv}
rCold   . . .        (no shield)
rNeg    . . .        x - +0 scale mail
rPois   .            (helmet restricted)
rElec   .            i - +0 cloak
rCorr   .            (gloves unavailable)
SInv    +            (no boots)
Will    +....        r - amulet of the acrobat
Stlth   +            G - +6 ring of intelligence
HPRegen 0.31/turn    (no ring)
MPRegen 0.11/turn

%: acrobat
@: no status effects
A: horns 1, demonic guardian 1, weakness stinger 1, demonic touch 3
a: Renounce Religion, Draw Escape, Draw Destruction, Draw Summoning


You were on level 8 of the Dungeon.
You worshipped Nemelex Xobeh.
Nemelex Xobeh was pleased with you.
You visited 2 branches of the dungeon, and saw 9 of its levels.

You collected 424 gold pieces.
You spent 39 gold pieces at shops.

Inventory:

Hand Weapons
 a - a +0 falchion
 b - the +11 falchion "Hegazujo" (weapon) {heavy, Will+ Int+3 SInv}
   (You found it on level 3 of the Dungeon)

   Int:       It affects your intelligence (+3).
   SInv:      It lets you see invisible.
   Will:      It increases your willpower.
Missiles
 l - 3 atropa-tipped darts
 p - 24 poisoned darts (quivered)
 D - 7 boomerangs
Armour
 e - a +0 chain mail
 i - a +0 cloak (worn)
 x - a +0 scale mail (worn)
Jewellery
 r - an amulet of the acrobat (around neck)
 G - a +6 ring of intelligence (left hand)
Wands
 u - a wand of paralysis (8)
 w - a wand of roots (11)
 H - a wand of quicksilver (10)
Scrolls
 d - 3 scrolls of magic mapping {unknown}
 f - 9 scrolls of identify {unknown}
 g - 9 scrolls of enchant armour {unknown}
 m - 4 scrolls of immolation {unknown}
 o - 2 scrolls of silence {unknown}
 y - a scroll of fear {unknown}
 A - 2 scrolls of noise {unknown}
 C - a scroll of fog {unknown}
 E - 2 scrolls of blinking {unknown}
 F - 2 scrolls of poison {unknown}
 L - a scroll of teleportation
Potions
 c - a potion of ambrosia
 h - a potion of magic {unknown}
 j - a potion of berserk rage {unknown}
 k - 5 potions of curing {unknown}
 n - a potion of invisibility {unknown}
 q - a potion of might {unknown}
 s - 2 potions of flight {unknown}
 t - 4 potions of degeneration {unknown}
 v - 2 potions of haste {unknown}
 z - a potion of brilliance {unknown}
 B - a potion of attraction {unknown}
 I - a potion of heal wounds {unknown}
 J - a potion of mutation {unknown}
 K - a potion of lignification {unknown}


   Skills:
 + Level 5.3 Fighting
 * Level 8.7 Long Blades
 + Level 0.5 Throwing
 + Level 4.0 Armour
 + Level 4.4 Dodging
 - Level 1.0 Stealth
 + Level 1.0 Unarmed Combat
 * Level 1.2 Invocations
 + Level 1.0 Evocations


You had 8 spell levels left.
You didn't know any spells.
Your spell library contained the following spells:

 Spells                   Type           Power      Damage    Failure   Level
 Apportation              Tloc           0%         N/A       65%         1
 Foxfire                  Conj/Fire      0%         2x1d4     65%         1
 Freeze                   Ice            0%         1d3       65%         1
 Magic Dart               Conj           0%         1d3       65%         1
 Call Imp                 Summ           0%         N/A       80%         2
 Frozen Ramparts          Ice            0%         1d1       95%         3
 Hailstorm                Conj/Ice       0%         3d3       95%         3
 Mephitic Cloud           Conj/Pois/Air  0%         N/A       95%         3
 Alistair's Intoxication  Tmut/Pois      0%         N/A       100%        5
 Fireball                 Conj/Fire      0%         3d3       100%        5
 Plasma Beam              Fire/Air       0%         2x1d11    100%        6
 Starburst                Conj/Fire      0%         6d3       100%        6


Dungeon Overview and Level Annotations

Branches:
Dungeon (8/15)             Temple (1/1) D:7
   Lair: D:8-11

Altars:
Ashenzari
Cheibriados
Dithmenos
Fedhas
Gozag
Hepliaklqana
Kikubaaqudgha
Makhleb
Nemelex Xobeh
Okawaru
Qazlal
Ru
Sif Muna
Trog
Uskayaw
Vehumet
Wu Jian
Xom
Yredelemnul

Shops:
D:8 *

Annotations:
D:4 Pikel
D:8 Grum


Innate Abilities, Weirdness & Mutations

You have a pair of small horns on your head.
A weak demonic guardian rushes to your aid.
You have a small tail.
Your touch may irresistibly damage your foes and sap their willpower.


Message History

The wolf misses you.
You slice the wolf!!
You kill the wolf!
The wolf bites you.
You barely miss the wolf. The wolf closely misses you. The wolf bites you.
Grum hits you from afar with a +1 spear!
You hit the wolf. You punch the wolf, but do no damage.
The wolf is moderately wounded.
The wolf bites you but does no damage. The wolf barely misses you.
Grum hits you from afar with a +1 spear.
The wolf barely misses you.
You closely miss the wolf. You tail-slap the wolf.
The wolf is moderately wounded.
The wolf bites you.
Grum hits you from afar with a +1 spear!!
The wolf bites you.
* * * LOW HITPOINT WARNING * * *
Okay, then.
You draw a card...
You have drawn the Illusion.
Suddenly you stand beside yourself. The wolf bites you but does no damage.
Grum hits you from afar with a +1 spear!
* * * LOW HITPOINT WARNING * * *
A demonic guardian appears!
The wolf bites you but does no damage.
You swap places.
Your shadow imp hits the wolf.
Monsoonserge's illusion hits the wolf.
You draw a card...
You have drawn the Elixir.
You begin rapidly regenerating health and magic.
The wolf bites you.
* * * LOW HITPOINT WARNING * * *
Grum misses you. The wolf bites you.
* * * LOW HITPOINT WARNING * * *
Your shadow imp misses the wolf.
Monsoonserge's illusion hits the wolf.
You closely miss the wolf. Your headbutt misses the wolf.
Your tail-slap misses the wolf.
The wolf is severely wounded.
The wolf bites you.
* * * LOW HITPOINT WARNING * * *
Grum hits you from afar with a +1 spear!!
You die...
Your body glows slightly and disappears.

#.#####............##.
##...............#.....
###..............###...#.
#...............## #.∩##.
...#....####.## #..#..
#..### #..# #..##.. ##.#
##.#....##.. #.##
.....###.. #.@####.......
... #5h@.....>.... ....
##g........#...##..
#.....#.. .. #..
........# ...#####..
....# . .....# ......#


You could see Grum, a wolf (ally target), the friendly monsoonserge's illusion
(summoned) and a friendly shadow imp (summoned).

Vanquished Creatures
  Sigmund (D:4)
  An ice beast (D:7)
  A black bear (D:6)
  An ogre (D:7)
  A wolf (D:8)
  A lemure (D:5)
  A centaur (D:7)
  4 phantoms
  2 kobold brigands (D:7)
  3 bullfrogs
  A scorpion (D:7)
  2 jellies (D:5)
  6 hounds
  4 sleepcaps
  6 iguanas
  Ijyb (D:4)
  2 orc wizards (D:5)
  14 gnolls
  13 adders
  2 shadow imps
  3 dart slugs
  12 orcs
  6 giant cockroaches
  A goblin (D:1)
  4 hobgoblins
  2 jackals (D:1)
  2 quokkas
  4 ball pythons
  2 bats (D:1)
  4 frilled lizards
  12 kobolds
  3 rats
122 creatures vanquished.

Vanquished Creatures (collateral kills)
  A gnoll (D:2)
  An adder (D:2)
2 creatures vanquished.

Grand Total: 124 creatures vanquished

Notes
Turn   | Place    | Note
-------+----------+-------------------------------------------
     0 | D:1      | monsoonserge the Demonspawn Monk began the quest for the
                  | Orb.
     0 | D:1      | Reached XP level 1. HP: 18/18 MP: 1/1
    24 | D:1      | Noticed a vampire
    24 | D:1      | Noticed a minotaur skeleton
    27 | D:1      | Noticed a minotaur zombie
    31 | D:1      | Noticed a felid
    31 | D:1      | Noticed a troll
    35 | D:1      | Noticed a human
    37 | D:1      | Noticed a barachi
    41 | D:1      | Noticed a ghoul
    71 | D:1      | Reached skill level 3 in Long Blades
    71 | D:1      | Gained mutation: A weak demonic guardian rushes to your
                  | aid. [demonic ancestry]
    71 | D:1      | Reached XP level 2. HP: 11/24 MP: 2/2
   437 | D:1      | Discovered your monstrous ancestry.
   437 | D:1      | Gained mutation: You have a pair of small horns on your
                  | head. [demonic ancestry]
   437 | D:1      | Reached XP level 3. HP: 22/29 MP: 3/3
   751 | D:2      | Found a faded altar of an unknown god.
   811 | D:2      | You fall into a shaft and drop 1 floor!
   811 | D:3      | Identified the +11 falchion "Hegazujo" {heavy, Will+ Int+3
                  | SInv}
   929 | D:3      | Gained mutation: Your touch may inflict minor irresistible
                  | damage on your foes. [demonic ancestry]
   929 | D:3      | Reached XP level 4. HP: 34/37 MP: 4/4
  1720 | D:3      | Reached XP level 5. HP: 42/42 MP: 5/5
  1738 | D:3      | Reached skill level 4 in Long Blades
  2337 | D:4      | Noticed Ijyb
  2345 | D:4      | Killed Ijyb
  2675 | D:4      | Noticed Pikel
  2675 | D:4      | Noticed a lemure
  2675 | D:4      | Noticed a lemure
  2675 | D:4      | Noticed a lemure
  2690 | D:5      | Entered Level 5 of the Dungeon
  2705 | D:5      | Reached skill level 1 in Armour
  2705 | D:5      | Reached XP level 6. HP: 41/48 MP: 6/6
  2822 | D:5      | Reached skill level 1 in Unarmed Combat
  2851 | D:6      | Reached skill level 5 in Long Blades
  2977 | D:6      | Gained mutation: Your touch may inflict irresistible damage
                  | on your foes. [demonic ancestry]
  2977 | D:6      | Reached XP level 7. HP: 33/54 MP: 7/7
  3294 | D:4      | Noticed Sigmund
  3305 | D:4      | Killed Sigmund
  3339 | D:4      | Reached skill level 6 in Long Blades
  3602 | D:5      | Gained mutation: Your touch may irresistibly damage your
                  | foes and sap their willpower. [demonic ancestry]
  3602 | D:5      | Reached XP level 8. HP: 61/61 MP: 8/8
  3742 | D:5      | Reached skill level 7 in Long Blades
  4025 | D:5      | Found a shimmering blue altar of Sif Muna.
  4460 | D:6      | Reached skill level 1 in Evocations
  4879 | D:7      | Reached skill level 5 in Fighting
  4879 | D:7      | Reached skill level 1 in Stealth
  5009 | D:7      | Reached skill level 8 in Long Blades
  5223 | D:7      | Found a staircase to the Ecumenical Temple.
  5232 | Temple   | Entered the Ecumenical Temple
  5438 | Temple   | Became a worshipper of Nemelex Xobeh the Trickster
  5438 | Temple   | Reached * piety under Nemelex Xobeh
  5438 | Temple   | Received a gift from Nemelex Xobeh
  5438 | Temple   | Reached ** piety under Nemelex Xobeh
  5496 | D:7      | Gained mutation: You have a small tail. [demonic ancestry]
  5496 | D:7      | Reached XP level 9. HP: 61/68 MP: 9/9
  5714 | D:7      | Reached skill level 1 in Invocations
  6259 | D:8      | Received a gift from Nemelex Xobeh
  6301 | D:8      | Found Bueguon's General Store.
  6305 | D:8      | Bought a scroll of teleportation for 39 gold pieces
  6329 | D:8      | Noticed Grum
  6338 | D:8      | Slain by Grum

Illustrated notes

Levels and vault maps discovered:
D:1:      shiori_arrival_whats_in_store_for_you, layout_rooms,
          nicolae_figureground_pulse
D:2:      layout_loops_ring, basic_altar, chequers_ecumenical_altar_twisty,
          serial_bayou_ford_a
D:3:      layout_basic
D:4:      layout_basic, uniq_ijyb, uniq_pikel, uniq_sigmund
D:5:      layout_basic, led_sif_pool, minmay_misc_feat_square, st_stairs_11,
          skrybe_limestone_x
D:6:      layout_loops_ring
D:7:      layout_cave_pods, minmay_temple_entry_junction, serial_park,
          serial_park_square1 [serial_park_minivault_5x5_1], serial_park_tiny_2,
          serial_park_gazebo [serial_park_minivault_5x5_6]
D:8:      layout_layer_cave, serial_shops, shop, uniq_grum
Temple:   minmay_crystal_snake_temple

Skill      XL: |  1  2  3  4  5  6  7  8  9 |
---------------+----------------------------+-----
Long Blades    | 3 4 5 6 8 |  8.7
Dodging        | 3 4 |  4.4
Fighting       | 4 5 |  5.3
Armour         | 1 2 3 4 |  4.0
Unarmed Combat | 1 |  1.0
Evocations     | 1 |  1.0
Stealth        | 1 |  1.0
Invocations    | 1 |  1.2
Throwing       | |  0.5

Action                     |  1- 3 |  4- 6 |  7- 9 || total
---------------------------+-------+-------+-------++-------
  Melee: Falchion          |    60 |    77 |   107 ||   244
         Headbutt          |     2 |     6 |    22 ||    30
         Touch             |       |     7 |    22 ||    29
         Punch             |       |     1 |     1 ||     2
         Tailslap          |       |       |     3 ||     3
  Throw: Dart              |       |       |     5 ||     5
 Invoke: Draw Destruction  |       |       |     1 ||     1
         Draw Escape       |       |       |     1 ||     1
         Draw Summoning    |       |       |     1 ||     1
 Armour: Robe              |    16 |       |       ||    16
         Ring mail         |     3 |    11 |       ||    14
         Scale mail        |       |    22 |    46 ||    68
  Dodge: Dodged            |    51 |    70 |    77 ||   198
